AoeStats
← EmptyJet7586

Nomad

510368861Analyzed
4v4 RM · 17h ago on Sep 30, 2026· 49m 34s· 8 players
Game mode
Random Map
Map size
231×231
Population
200
Speed
Normal
Resources
Standard
Victory
Conquest
Starting age
Dark Age
Ending age
Imperial Age
RankedLock teamsTeams togetherTeam positionsShared explorationLock speedFull tech treeHidden civsTurbo modeCheats
Victory
Defeat
🇳🇴 Koreans · Norway
973
+15
🇦🇷 Saracens · Argentina
961
+15
🇨🇳 Mongols · China
931
+17
🇨🇱 Celts · Chile
923
+26
🇷🇴 Cumans · Romania
1053
-21
🇲🇹 Khmer · Malta
1000
-55
🇩🇰 Danes · Denmark
928
-15
🇷🇴 Bulgarians · Romania
796
-10
emanuelvicente14
16:21 Feudal Age
21:43 Castle Age
20:53 Wheelbarrow
20:05 Double-Bit Axe
23:58 Loom
35:57 Fletching
37:21 Bodkin Arrow
38:14 Horse Collar
40:36 Heavy Plow
40:49 Bow Saw
44:57 Imperial Age
42:43 Hand Cart
46:08 Stone Mining
47:12 Conscription
47:05 Husbandry
47:15 Bloodlines
47:39 Heavy Camel Rider
Warmommy
4:28 Loom
14:54 Feudal Age
15:20 Double-Bit Axe
15:28 Gold Mining
15:30 Stone Mining
15:45 Fishing Lines
19:29 Town Watch
23:21 Castle Age
21:19 Fletching
23:15 Wheelbarrow
22:42 Horse Collar
24:20 Bow Saw
24:47 Stone Shaft Mining
24:49 Gold Shaft Mining
24:23 Gillnets
24:45 Medium Warships
24:40 Town Patrol
24:53 Squires
24:38 Arson
24:17 Elite Skirmisher
24:20 Crossbowman
26:28 Hand Cart
27:21 Bodkin Arrow
29:26 Eupseong
34:56 Imperial Age
31:54 Pikeman
32:39 Scale Mail Armor
32:49 Forging
34:53 Iron Casting
36:42 Two-Man Saw
35:46 Heavy Plow
35:57 Elite Fire Lancer
37:53 Bracer
37:50 Heavy Rocket Cart
39:05 Elite War Wagon
40:09 Conscription
41:23 Chemistry
40:29 Siege Engineers
40:12 Arrowslits
40:46 Chain Mail Armor
43:40 Heavy Warships
45:05 Shinkichon
47:32 Plate Mail Armor
48:24 Capped Ram
912113973
4:03 Loom
18:57 Feudal Age
23:28 Castle Age
22:16 Fishing Lines
22:38 Horse Collar
22:45 Double-Bit Axe
24:49 Wheelbarrow
27:11 Bow Saw
29:39 Imperial Age
28:11 Gillnets
28:57 Fletching
29:09 Padded Archer Armor
30:09 Bloodlines
30:56 Scale Barding Armor
31:58 Bodkin Arrow
32:19 Leather Archer Armor
31:58 Gold Mining
31:59 Stone Mining
32:39 Conscription
32:58 Town Watch
33:31 Hand Cart
33:18 Bracer
33:54 Heavy Plow
35:44 Husbandry
35:05 Light Cavalry
35:59 Forging
37:25 Stone Shaft Mining
37:26 Gold Shaft Mining
36:47 Elite Mangudai
38:22 Thumb Ring
39:52 Chain Barding Armor
38:57 Hussar
40:04 Ballistics
40:45 Chemistry
42:37 Iron Casting
42:32 Parthian Tactics
42:13 Murder Holes
42:29 Masonry
ediazamaya0
3:59 Loom
19:04 Feudal Age
21:26 Town Watch
23:05 Arson
29:26 Wheelbarrow
sezayi83
14:46 Feudal Age
15:44 Double-Bit Axe
24:31 Castle Age
22:55 Man-at-Arms
38:41 Gambesons
38:17 Long Swordsman
44:16 Imperial Age
43:47 Scale Mail Armor
45:51 Elite Longship
YK@
9:33 Loom
16:55 Feudal Age
18:32 Double-Bit Axe
19:31 Man-at-Arms
19:56 Arson
24:28 Forging
24:19 Scale Mail Armor
27:56 Town Watch
30:28 Wheelbarrow
30:42 Horse Collar
34:52 Castle Age
35:13 Long Swordsman
35:53 Squires
36:57 Bow Saw
38:26 Capped Ram
40:07 Heavy Plow
43:18 Hand Cart
43:09 Town Patrol
43:42 Bloodlines
47:50 Imperial Age
46:09 Masonry
46:20 Ballistics
45:59 Murder Holes
46:48 Thumb Ring
46:03 Elite Skirmisher
EmptyJet7586
3:28 Loom
18:10 Feudal Age
19:12 Town Watch
21:45 Padded Archer Armor
21:49 Stone Mining
22:38 Wheelbarrow
22:28 Fletching
23:15 Forging
24:32 Scale Mail Armor
29:41 Castle Age
32:15 Double-Bit Axe
35:47 Town Patrol
37:09 Leather Archer Armor
36:53 Bodkin Arrow
36:48 Elite Skirmisher
39:38 Man-at-Arms
43:06 Chain Mail Armor
44:52 Bow Saw
45:09 Hand Cart
45:09 Horse Collar
46:51 Pikeman
savabogdi
15:33 Feudal Age
16:29 Fishing Lines
16:32 Horse Collar
16:49 Double-Bit Axe
26:51 Castle Age
25:39 Gold Mining
29:20 Gambesons
29:21 Arson
29:50 Forging
29:40 Scale Mail Armor
32:21 Wheelbarrow
32:27 Iron Casting
35:47 Scale Barding Armor
36:00 Stone Mining
36:45 Gold Shaft Mining
36:56 Gold Shaft Mining
36:24 Heavy Plow
37:44 Stirrups
39:27 Medium Warships
39:38 Bow Saw
41:24 Chain Barding Armor
42:54 Squires
46:20 Imperial Age
45:59 Pikeman
46:41 Halberdier
48:48 Conscription
Connection lost

Rejoining the realm…

Still unreachable

The connection could not be restored.

Session expired

The server has moved on; the page needs a fresh start.